 Dungeon Crawl Stone Soup version 0.24.0-13-gcf9b319 (webtiles) character file.

Game seed: 10413738515901447961, levelgen mode: deterministic

319 Balder the Chopper (level 6, -1/53 HPs)
             Began as a Hill Orc Fighter on Dec 26, 2019.
             Slain by a wight
             ... wielding a +4 long sword
              (5 damage)
             ... on level 4 of the Dungeon on Dec 27, 2019.
             The game lasted 00:12:55 (3259 turns).

Balder the Chopper (Hill Orc Fighter)               Turns: 3259, Time: 00:12:55

Health: -1/53      AC: 13    Str: 24    XL:     6   Next: 45%
Magic:  6/6        EV:  4    Int:  8    God:
Gold:   190        SH: 10    Dex: 12    Spells: 5/5 levels left

rFire    . . .     SeeInvis .   a - +0 war axe
rCold    . . .     Gourm    .   c - +0 shield
rNeg     . . .     Faith    .   y - +0 plate armour
rPois    .         Spirit   .   (no helmet)
rElec    .         Reflect  .   (no cloak)
rCorr    .         Harm     .   (no gloves)
MR       .....                  p - +0 pair of boots
Stlth    ..........             (no amulet)
HPRegen  0.17/turn              (no ring)
MPRegen  0.10/turn              (no ring)

@: mighty, lightly drained
A: no striking features
a: no special abilities


You were on level 4 of the Dungeon.
You were hungry.

You visited 1 branch of the dungeon, and saw 4 of its levels.

You collected 190 gold pieces.

Inventory:

Hand Weapons
 a - a +0 war axe (weapon)
 b - a +0 dagger of venom
 w - a +0 hunting sling
 x - a cursed -3 dagger
 D - a +0 mace of protection
 G - a +0 morningstar
Missiles
 s - 3 javelins (quivered)
Armour
 c - a +0 shield (worn)
 p - a +0 pair of boots (worn)
 v - a +0 chain mail
 y - a +0 plate armour (worn)
 z - a cursed +0 helmet
Jewellery
 e - a cursed ring of teleportation {unknown}
 m - an uncursed amulet of regeneration {unknown}
Scrolls
 h - a scroll of noise {unknown}
 j - a scroll of teleportation {unknown}
 l - a scroll of remove curse
 q - 2 scrolls of immolation {unknown}
 r - 2 scrolls of identify {unknown}
 t - 2 scrolls of enchant armour {unknown}
 u - 2 scrolls of magic mapping {unknown}
 C - a scroll of fear
 F - a scroll of blinking {unknown}
 H - a scroll of fog {unknown}
Potions
 d - a potion of might
 g - a potion of ambrosia {unknown}
 i - 3 potions of curing {unknown}
 k - 3 potions of brilliance {unknown}
 n - 2 potions of heal wounds {unknown}
 A - a potion of lignification {unknown}
 B - a potion of magic {unknown}
 E - a potion of degeneration {unknown}
Comestibles
 f - 4 rations
 o - 4 chunks of flesh


   Skills:
 * Level 4.7(4.4) Fighting
 * Level 1.0(0.8) Short Blades
 * Level 6.2(6.0) Axes
 * Level 4.5(4.3) Armour
 + Level 0.1(0.0) Dodging
 * Level 4.0(3.7) Shields


You had 5 spell levels left.
You didn't know any spells.
Your spell library was empty.

Dungeon Overview and Level Annotations

Branches:
Dungeon (4/15)
 Temple: D:4-7

Altars:

Shops:
D:4 (

Annotations:
D:4 Ijyb


Message History

You hit the wight but do no damage. You closely miss Ijyb.
You block Ijyb's attack. The wight completely misses you.
Ijyb hits you but does no damage.
You hit Ijyb but do no damage. You hit the wight but do no damage.
You block the wight's attack. You block Ijyb's attack.
You feel very mighty all of a sudden.
You are feeling hungry.
The wight hits you with a +4 long sword.
* * * LOW HITPOINT WARNING * * *
You feel drained. Ijyb hits you but does no damage.
Your shield and plate armour prevent you from hitting Ijyb.
You closely miss the wight. Ijyb hits you.
* * * LOW HITPOINT WARNING * * *
You block the wight's attack.
You slice Ijyb!!
Ijyb is almost dead.
Your plate armour prevents you from hitting the wight.
Ijyb hits you but does no damage.
The wight hits you with a +4 long sword.
You die...

...............#..###. ..
...............#...# ...
...............#.#.##....
...............#.........
...............#.........
...............#.........
...............#.##.#.g.(
...............#g# # #
...............#@#
......)........#z#
...............#.###
...........[.......#
#.#................#
#.##.##########....#
#.#.... ##.### #.#..#.#
#.# #.#.. ... ..#


You could see Ijyb and a wight.

Vanquished Creatures
  A scorpion (D:4)
  2 wights (D:4)
  A worker ant (D:4)
  8 adders
  3 oozes (D:2)
  An adder skeleton (D:4)
  4 worms
  2 dart slugs
  A leopard gecko (D:2)
  4 orcs (D:3)
  2 giant cockroaches
  7 goblins
  8 hobgoblins
  3 quokkas
  A ball python (D:2)
  6 bats
  3 frilled lizards
  8 kobolds
  3 rats (D:2)
68 creatures vanquished.

Notes
Turn   | Place    | Note
-------+----------+-------------------------------------------
     0 | D:1      | Balder the Hill Orc Fighter began the quest for the Orb.
     0 | D:1      | Reached XP level 1. HP: 19/19 MP: 1/1
   515 | D:1      | Reached XP level 2. HP: 27/27 MP: 2/2
   525 | D:1      | Reached skill level 3 in Axes
  1259 | D:2      | Reached XP level 3. HP: 17/33 MP: 3/3
  1518 | D:2      | Reached skill level 4 in Axes
  1648 | D:2      | Reached XP level 4. HP: 37/40 MP: 4/4
  2421 | D:3      | Reached XP level 5. HP: 46/46 MP: 5/5
  2938 | D:4      | Found Wuwatieph's Antique Weapon Emporium.
  2961 | D:4      | Reached skill level 5 in Axes
  2970 | D:4      | Got an ancient mace
  3103 | D:4      | Reached XP level 6. HP: 53/53 MP: 6/6
  3167 | D:4      | Identified the +8 mace of Diyded {pain, Fragile rPois MR-
                  | Int+4 Dex+8} (You found it on level 4 of the Dungeon)
  3202 | D:4      | Reached skill level 1 in Short Blades
  3202 | D:4      | Reached skill level 6 in Axes
  3243 | D:4      | Noticed Ijyb
  3259 | D:4      | Slain by a wight

Levels and vault maps discovered:
D:1:      dpeg_arrival_round_c, layout_loops_corners
D:2:      layout_basic, first_ration
D:3:      layout_rooms
D:4:      layout_basic, serial_shops, shop, uniq_ijyb

Skill      XL: |  1  2  3  4  5  6 |
---------------+-------------------+-----
Axes           | 3 4 5 6 |  6.2
Fighting       | 4 |  4.7
Armour         | 4 |  4.5
Short Blades   | 1 |  1.0
Shields        | 4 |  4.0
Dodging        | |  0.1

Action                   |  1- 3 |  4- 6 || total
-------------------------+-------+-------++-------
Melee: War axe           |    94 |   160 ||   254
       Dagger            |     3 |       ||     3
       Mace              |       |     1 ||     1
Throw: Javelin           |       |     6 ||     6
  Use: Scroll            |       |     3 ||     3
       Potion            |       |     1 ||     1
  Eat: Chunk             |     2 |     2 ||     4
       Ration            |       |     1 ||     1
Armor: Scale mail        |    36 |    15 ||    51
       Chain mail        |       |    18 ||    18
       Plate armour      |       |    66 ||    66
Dodge: Dodged            |    23 |    27 ||    50
Block: Shield            |    37 |    78 ||   115
